 Dungeon Crawl Stone Soup version 0.30.0-10-gfe55d96785 (webtiles) character file.

Game seed: 2911251869009335379

124747 sasquatch the Brawler (level 16, -3/158 HPs)
             Began as a Troll Warper on May 15, 2023.
             Was the Champion of Cheibriados.
             Slain by a manticore (20 damage)
             ... while paralysed by an air elemental
             ... on level 4 of the Shoals.
             The game lasted 00:58:17 (20155 turns).

sasquatch the Brawler (Troll Warper)               Turns: 20155, Time: 00:58:17

Health: -3/158     AC: 10    Str: 44    XL:     16   Next: 40%
Magic:  20/22      EV:  1    Int: 27    God:    Cheibriados [******]
Gold:   489        SH:  0    Dex: 24    Spells: 4/19 levels left

rFire   + .          .
                       - Unarmed
rCold   + . .        K - +0 kite shield {reflect}
rNeg    . . .        P - +0 troll leather armour
rPois   .            (helmet restricted)
rElec   .            Q - +1 cloak of the Ant {rF+ rC+ rCorr Int+3}
rCorr   +            (gloves unavailable)
SInv    .            (boots unavailable)
Will    +++..        g - amulet of reflection
Stlth   ++           h - +5 ring of evasion
HPRegen 2.06/turn    T - ring of Midsummer {Will++ Slay+4}
MPRegen 0.18/turn

%: reflection
@: paralysed, very slow
A: large, unfitting armour, claws 3, regeneration 1, shaggy fur 1, tough skin 1
a: Renounce Religion, Bend Time, Temporal Distortion, Slouch, Step From Time


You were on level 4 of the Shoals.
You worshipped Cheibriados.
Cheibriados was exalted by your worship.
You visited 5 branches of the dungeon, and saw 22 of its levels.
You also visited: Sewer.

You collected 2105 gold pieces.
You spent 1616 gold pieces at shops.

Inventory:

Missiles
 c - 9 boomerangs of dispersal
 v - a throwing net
 A - 26 poisoned darts
 H - a curare-tipped dart
 I - 32 large rocks (quivered)
 J - 13 boomerangs
Armour
 a - a +2 robe of willpower
 G - a +0 kite shield
 K - a +0 kite shield of reflection (worn)
 P - a +0 troll leather armour (worn)
 Q - the +1 cloak of the Ant (worn) {rF+ rC+ rCorr Int+3}
   (You bought it in a shop on level 1 of the Orcish Mines)

   Int:       It affects your intelligence (+3).
   rF:        It protects you from fire.
   rC:        It protects you from cold.
   rCorr:     It protects you from acid and corrosion.
Jewellery
 f - a ring of positive energy
 g - an amulet of reflection (around neck)
 h - a +5 ring of evasion (left claw)
 p - a ring of see invisible
 N - a ring of flight
 T - the ring of Midsummer (right claw) {Will++ Slay+4}
   (You bought it in a shop on level 3 of the Shoals)

   [ring of slaying]

   Slay:      It affects your accuracy & damage with ranged weapons and melee
   (+4).
   Will:      It greatly increases your willpower.
Wands
 n - a wand of light (5)
 x - a wand of flame (31)
 R - a wand of paralysis (1)
Scrolls
 b - 2 scrolls of blinking
 j - 4 scrolls of magic mapping
 k - 5 scrolls of enchant armour
 l - 6 scrolls of fog
 q - a scroll of brand weapon
 r - 3 scrolls of amnesia
 s - 2 scrolls of vulnerability
 t - 3 scrolls of torment
 u - 5 scrolls of teleportation
 y - 5 scrolls of fear
 C - a scroll of immolation
 E - 4 scrolls of poison
Potions
 d - 5 potions of mutation
 e - a potion of berserk rage {unknown}
 i - a potion of invisibility {unknown}
 m - a potion of magic {unknown}
 o - 4 potions of brilliance
 z - 4 potions of attraction
 B - 4 potions of heal wounds
 F - 5 potions of flight
 L - 5 potions of cancellation
 M - 3 potions of lignification {unknown}
 O - 2 potions of might
 S - a potion of ambrosia {unknown}


   Skills:
 - Level 10.0 Fighting
 - Level 0.8 Throwing
 + Level 9.0 Armour
 - Level 1.9 Dodging
 - Level 10.0 Shields
 - Level 18.0 Unarmed Combat
 - Level 2.0 Spellcasting
 - Level 6.0 Translocations
 - Level 6.0 Air Magic
 - Level 10.0 Invocations


You had 4 spell levels left.
You knew the following spells:

 Your Spells              Type           Power      Damage    Failure   Level
a - Blink                 Tloc           70%        N/A       1%          2
b - Vhi's Electric Charg  Tloc/Air       70%        N/A       3%          3
c - Teleport Other        Tloc           35%        N/A       3%          3
d - Apportation           Tloc           70%        N/A       1%          1
e - Lesser Beckoning      Tloc           70%        N/A       1%          2
f - Manifold Assault      Tloc           35%        N/A       12%         4

Your spell library contained the following spells:

 Spells                   Type           Power      Damage    Failure   Level
 Portal Projectile        Hex/Tloc       36%        N/A       12%         3
 Foxfire                  Conj/Fire      8%         2x1d4     14%         1
 Summon Small Mammal      Summ           8%         N/A       14%         1
 Scorch                   Fire           4%         2d5       22%         2
 Sublimation of Blood     Necr           2%         N/A       22%         2
 Wereblood                Tmut           2%         N/A       22%         2
 Call Canine Familiar     Summ           2%         N/A       38%         3
 Inner Flame              Hex/Fire       2%         N/A       38%         3
 Ozocubu's Armour         Ice            2%         N/A       38%         3
 Summon Guardian Golem    Hex/Summ       2%         N/A       38%         3
 Tukima's Dance           Hex            2%         N/A       38%         3
 Summon Lightning Spire   Summ/Air       18%        N/A       38%         4
 Flame Wave               Conj/Fire      2%         2d4       80%         4
 Leda's Liquefaction      Hex/Erth       1%         N/A       80%         4
 Agony                    Necr           2%         N/A       98%         5
 Alistair's Intoxication  Tmut/Pois      1%         N/A       98%         5
 Blade Hands              Tmut           1%         N/A       98%         5
 Metabolic Englaciation   Hex/Ice        1%         N/A       98%         5
 Yara's Violent Unravell  Hex/Tmut       1%         3d3       98%         5
 Simulacrum               Ice/Necr       1%         N/A       100%        6
 Summon Cactus Giant      Summ           1%         N/A       100%        6
 Enfeeble                 Hex            1%         N/A       100%        7
 Storm Form               Tmut/Air       9%         N/A       100%        7
 Summon Hydra             Summ           1%         N/A       100%        7
 Maxwell's Capacitive Co  Air            17%        ∞         100%        8


Dungeon Overview and Level Annotations

Branches:
Dungeon (10/15)            Temple (1/1) D:6            Lair (5/5) D:9
 Shoals (4/4) Lair:3       Spider (0/4) Lair:3        Slime (0/5) Lair:5
    Orc (2/2) D:9             Elf (0/3) Orc:2         Sewer (visited)

Altars:
Ashenzari
Cheibriados
Dithmenos
Fedhas
Gozag
Hepliaklqana
Kikubaaqudgha
Nemelex Xobeh
Okawaru
Qazlal
Ru
Trog
Uskayaw
Vehumet
Wu Jian
Xom
Zin
The Shining One

Shops:
D:4 =*[[   D:5 *   D:8 :*   Orc:1 :[[:!   Orc:2 **([[=   Shoals:3 (=*

Annotations:
Lair:1 3 runed translucent doors, ojifijod's ghost, journeyman TrMo
Lair:2 3 runed translucent doors, Zebleirgh's ghost, journeyman DrCj
Lair:5 exclusion: 4 oklob plants
Shoals:4 2 exclusions


Innate Abilities, Weirdness & Mutations

You are too large for most types of armour.
You have claws for hands.
Your natural rate of healing is unusually fast.
You are covered in fur. (AC +1)
You have tough skin. (AC +1)


Message History

Your lungs strain for air!
The air elemental hits you! The wind drake bites you!
The air elemental barely misses you. You block the manticore's attack.
The manticore claws you but does no damage.
You block the manticore's attack. You block the merfolk impaler's attack.
Unknown command.
You cannot read scrolls while unable to breathe!
Unknown command.
You claw the water elemental!
The water elemental is moderately damaged.
Your lungs strain for air!
You block the air elemental's attack. The wind drake flaps its wings at you.
The air twists around and strikes you.
* * * LOW HITPOINT WARNING * * *
You block the water elemental's attack. You block the merfolk impaler's attack.
Unknown command.
You claw the water elemental!
The water elemental is heavily damaged.
* * * LOW HITPOINT WARNING * * *
Your lungs strain for air!
You block the air elemental's attack. x2; The manticore misses you.
You block the manticore's attack. The manticore misses you.
The merfolk impaler hits you from afar with a +0 trident!!
* * * LOW HITPOINT WARNING * * *
The wind drake bites you.
* * * LOW HITPOINT WARNING * * *
You block the water elemental's attack.
Unknown command.
You eviscerate the water elemental!!!
You destroy the water elemental!
Cheibriados appreciates the change of pace.
The water engulfing you falls away.
You gasp with relief as air once again reaches your lungs.
The air elemental closely misses you. You block the merfolk impaler's attack.
The air elemental fires a burst of electricity at you.
The stunning burst hits you.
You suddenly lose the ability to move!
* * * LOW HITPOINT WARNING * * *
The manticore bites you!!
You die...

########################
....=.E.E.....'.~......~
....Emk@H.?...'~~..~...~
##..###########..~###~~.
#''##~~~~~ #≈≈#~~~~#~
#≈≈#~<~~#. #≈≈##~~##.
#≈≈#####.. #≈≈≈≈≈≈'~.
#≈≈≈≈≈≈'.†


You could see a merfolk impaler, a wind drake (repels missiles), a manticore, 2
water elementals and an air elemental.

Vanquished Creatures
  A kraken (Shoals:2)
  2 merfolk impalers
  3 merfolk javelineers
  An ice dragon (Lair:5)
  2 hydras
  2 boulder beetles
  A merfolk avatar (Shoals:3)
  An alligator snapping turtle (Shoals:4)
  3 merfolk aquamancers (Shoals:1)
  4 catoblepae
  2 satyrs
  21 death yaks
  4 orc high priests
  A sixfirhy (D:8)
  8 sea snakes
  7 skysharks
  3 lindwurms (Lair:5)
  Pikel (D:6)
  7 harpies
  4 orc knights (Orc:2)
  2 oklob plants
  5 orc sorcerers
  11 fauns
  9 cyclopes
  A wolf spider (Lair:5)
  4 black mambas
  8 manticores
  9 water nymphs
  31 elephants
  A smoke demon (D:9)
  4 merfolk sirens
  2 rust devils (D:9)
  15 cane toads
  8 torpor snails
  9 rime drakes
  An ice devil (D:9)
  11 komodo dragons
  15 merfolk
  2 trolls
  7 wind drakes
  5 polar bears
  4 tyrant leeches (Lair:5)
  A hellwing (D:9)
  9 blink frogs
  8 snapping turtles
  7 hornets (Lair:5)
  15 dream sheep
  Prince Ribbit (D:8)
  19 water elementals
  60 yaks
  3 air elementals (Shoals:4)
  2 wyverns
  Eustachio (D:5)
  8 basilisks
  6 steam dragons
  A chaos spawn (D:9)
  The ghost of gelatine the Trooper, an amateur DsFi (D:4)
  Edmund (D:5)
  A two-headed ogre zombie (D:9)
  4 wargs
  Menkaure (D:4)
  14 water moccasins
  Duvessa (D:4)
  15 orc warriors
  A sky beast (D:7)
  4 ice beasts (D:9)
  3 black bears (Lair:2)
  7 ogres
  6 wolves (Lair:3)
  2 centaurs
  4 lemures
  3 phantoms
  A kobold brigand (D:8)
  Blork the orc (D:4)
  18 bullfrogs
  A gnoll sergeant (D:9)
  7 scorpions
  Dowan (D:4)
  18 wights
  13 killer bees
  A howler monkey (D:7)
  3 jellies
  2 quasits
  4 hounds
  13 orc priests
  Crazy Yiuf (D:4)
  A gnoll bouda (D:5)
  A sleepcap (D:6)
  4 iguanas
  15 orc wizards
  A sickly merfolk siren (Sewer)
  4 hell rats (Lair:5)
  A statue (D:9)
  A malarious merfolk avatar (Sewer)
  7 ogre zombies (D:9)
  16 gnolls
  12 adders
  4 river rats
  An ufetubus (D:4)
  5 worms
  3 dart slugs
  39 orcs
  9 endoplasms
  4 giant cockroaches
  8 goblins
  5 hobgoblins
  4 jackals (D:4)
  13 kobolds
  7 quokkas
  7 ball pythons
  6 bats
  4 frilled lizards
  3 goblin zombies (D:9)
  A hobgoblin skeleton (D:9)
  A hobgoblin zombie (D:9)
  5 orc skeletons (D:9)
  15 orc zombies (D:9)
  21 rats
  3 tentacles (Shoals:2)
766 creatures vanquished.

Vanquished Creatures (others)
  An orc priest (Orc:1)
  2 orcs (Orc:2)
  10 tentacles (Shoals:2)
13 creatures vanquished.

Grand Total: 779 creatures vanquished

Notes
Turn   | Place    | Note
-------+----------+-------------------------------------------
     0 | D:1      | sasquatch the Troll Warper began the quest for the Orb.
     0 | D:1      | Reached XP level 1. HP: 19/19 MP: 1/1
    28 | D:1      | Found a faded altar of an unknown god.
   193 | D:1      | Reached XP level 2. HP: 24/27 MP: 2/2
   196 | D:1      | Learned a level 2 spell: Blink
   241 | D:1      | Reached skill level 3 in Unarmed Combat
   618 | D:1      | Reached XP level 3. HP: 33/33 MP: 3/3
  1138 | D:2      | Reached XP level 4. HP: 37/41 MP: 4/4
  1626 | D:3      | Reached skill level 4 in Unarmed Combat
  2156 | D:4      | Noticed a steam dragon
  2257 | D:4      | Found a runed translucent door.
  2261 | D:4      | Noticed a bullfrog
  2263 | D:4      | Noticed gelatine's ghost (amateur DsFi)
  2265 | D:4      | Reached XP level 5. HP: 48/48 MP: 5/5
  2309 | D:4      | Found Niclenynn's Antique Armour Emporium.
  2407 | D:4      | Noticed Menkaure
  2416 | D:4      | Killed Menkaure
  2417 | D:4      | Reached skill level 5 in Unarmed Combat
  2417 | D:4      | Reached XP level 6. HP: 55/55 MP: 6/6
  2425 | D:4      | Noticed Dowan
  2425 | D:4      | Noticed Duvessa
  2457 | D:4      | Killed Dowan
  2458 | D:4      | Killed Duvessa
  2459 | D:4      | Reached skill level 6 in Unarmed Combat
  2538 | D:4      | Found Fiepsan's Jewellery Emporium.
  2622 | D:4      | Learned a level 3 spell: Vhi's Electric Charge
  2658 | D:4      | Killed a steam dragon
  2659 | D:4      | Reached XP level 7. HP: 44/62 MP: 7/7
  2878 | D:4      | Found a runed translucent door.
  2879 | D:4      | Noticed Crazy Yiuf
  2903 | D:4      | Noticed Blork the orc
  2920 | D:4      | Killed Blork the orc
  2921 | D:4      | Reached skill level 7 in Unarmed Combat
  2961 | D:4      | Found Unemaycy's General Store.
  2970 | D:4      | Bought 2 poisoned darts for 15 gold pieces
  3024 | D:4      | Killed gelatine's ghost
  3025 | D:4      | Reached skill level 1 in Air Magic
  3190 | D:4      | Found Zuhet's Armour Emporium.
  3452 | D:4      | Killed Crazy Yiuf
  3509 | D:5      | Entered Level 5 of the Dungeon
  3568 | D:5      | Reached XP level 8. HP: 69/70 MP: 8/8
  3630 | D:5      | Found Hoatiuro's Assorted Antiques.
  3644 | D:5      | Reached skill level 8 in Unarmed Combat
  3756 | D:5      | Noticed Eustachio
  3765 | D:5      | Killed Eustachio
  3835 | D:5      | Got the Codex of the Cricket
  3837 | D:5      | Noticed Edmund
  3850 | D:5      | Killed Edmund
  3851 | D:5      | Reached skill level 9 in Unarmed Combat
  3891 | D:5      | Found a shimmering altar of Xom.
  4076 | D:5      | Found a glowing drain.
  4080 | Sewer    | Entered a sewer
  4666 | D:6      | Found a shadowy altar of Dithmenos.
  4692 | D:6      | Reached XP level 9. HP: 23/71 MP: 9/9
  4770 | D:6      | Reached skill level 10 in Unarmed Combat
  4925 | D:6      | Found a staircase to the Ecumenical Temple.
  4930 | D:6      | Noticed Pikel
  4935 | Temple   | Entered the Ecumenical Temple
  4960 | Temple   | Became a worshipper of Cheibriados the Contemplative
  5022 | D:6      | Killed Pikel
  5191 | D:6      | Reached skill level 11 in Unarmed Combat
  5391 | D:6      | Reached * piety under Cheibriados
  5734 | D:7      | Noticed Prince Ribbit
  5744 | D:7      | Reached skill level 12 in Unarmed Combat
  5866 | D:8      | Killed Prince Ribbit
  5867 | D:8      | Reached skill level 1 in Shields
  5960 | D:7      | Reached XP level 10. HP: 76/85 MP: 10/10
  5982 | D:7      | Reached ** piety under Cheibriados
  6320 | D:7      | Reached skill level 13 in Unarmed Combat
  6764 | D:8      | Reached *** piety under Cheibriados
  6872 | D:8      | Found a glowing silver altar of Zin.
  6872 | D:8      | Found a faded altar of an unknown god.
  6879 | D:8      | Found a hazy altar of Hepliaklqana.
  6881 | D:8      | Found a glowing golden altar of the Shining One.
  6883 | D:8      | Found an ancient bone altar of Kikubaaqudgha.
  7106 | D:8      | Found Bohodoax's Vocational Training.
  7263 | D:8      | Found Dmeagh's Desiderata Depot.
  7339 | D:9      | Noticed a sixfirhy
  7458 | D:8      | Killed a sixfirhy
  7564 | D:9      | Reached skill level 14 in Unarmed Combat
  7566 | D:9      | HP: 3/85 [ice beast (7)]
  7737 | D:9      | Found a radiant altar of Vehumet.
  7740 | D:9      | Reached XP level 11. HP: 92/92 MP: 11/11
  7780 | D:9      | Reached **** piety under Cheibriados
  7781 | D:9      | Reached skill level 5 in Shields
  7972 | D:9      | Found a staircase to the Orcish Mines.
  8226 | D:9      | Found a staircase to the Lair.
  8285 | D:9      | Reached ***** piety under Cheibriados
  8334 | D:9      | Learned a level 3 spell: Teleport Other
  8545 | D:10     | Entered Level 10 of the Dungeon
  8552 | D:9      | Reached skill level 15 in Unarmed Combat
  8588 | Lair:1   | Entered Level 1 of the Lair of Beasts
  8848 | Lair:1   | Identified the +0 short sword of the Blue God {protect,
                  | *Corrode rN+++ Str+8 Dex+4 Stlth-}
  9012 | Lair:1   | Found a runed translucent gate.
  9012 | Lair:1   | Found a runed translucent gate.
  9012 | Lair:1   | Found a runed translucent gate.
  9017 | Lair:1   | Noticed ojifijod's ghost (journeyman TrMo)
  9441 | Lair:2   | Noticed a death yak
  9441 | Lair:2   | Noticed a death yak
  9441 | Lair:2   | Noticed a death yak
  9441 | Lair:2   | Noticed a death yak
  9441 | Lair:2   | Noticed a death yak
  9661 | D:4      | Bought a glowing cloak for 165 gold pieces
  9807 | Lair:1   | Killed a death yak
  9808 | Lair:1   | Reached skill level 16 in Unarmed Combat
  9812 | Lair:1   | Killed a death yak
  9819 | Lair:1   | Killed a death yak
  9820 | Lair:1   | Reached XP level 12. HP: 19/100 MP: 7/12
 10047 | Lair:2   | Found a runed translucent gate.
 10048 | Lair:2   | Found a runed translucent gate.
 10049 | Lair:2   | Found a runed translucent gate.
 10055 | Lair:2   | Noticed Zebleirgh's ghost (journeyman DrCj)
 10146 | Lair:2   | Noticed an eight-headed hydra
 10250 | Orc:1    | Entered Level 1 of the Orcish Mines
 10250 | Orc:1    | Found Jyischumu's Book Emporium.
 10363 | Orc:2    | Entered Level 2 of the Orcish Mines
 10382 | Orc:2    | Found a staircase to the Elven Halls.
 10382 | Orc:2    | Found Giull's General Store.
 10388 | Orc:2    | Found Osoypn's Specific Store.
 10417 | Orc:1    | Found Bour's Distillery.
 10417 | Orc:1    | Found Ufuum's Book Shop.
 10528 | Orc:1    | Bought a potion of heal wounds for 55 gold pieces
 10528 | Orc:1    | Bought a potion of heal wounds for 55 gold pieces
 10537 | Orc:1    | Found Nipt's Antique Armour Emporium.
 10545 | Orc:1    | Bought a faintly humming cloak for 237 gold pieces
 10545 | Orc:1    | Identified the +1 cloak of the Ant {rF+ rC+ rCorr Int+3}
                  | (You bought it in a shop on level 1 of the Orcish Mines)
 10824 | Orc:1    | Reached ****** piety under Cheibriados
 10828 | Orc:1    | Noticed an orc high priest
 10850 | Orc:1    | Killed an orc high priest
 10959 | Orc:1    | Reached skill level 10 in Shields
 10970 | Orc:1    | Found Coolyuh's Armour Boutique.
 11290 | Orc:2    | Noticed an orc high priest
 11300 | Orc:2    | Killed an orc high priest
 11303 | Orc:2    | Paralysed by an orc sorcerer for 3 turns
 11403 | Orc:2    | Noticed an orc high priest
 11405 | Orc:2    | Reached skill level 5 in Translocations
 11409 | Orc:2    | Killed an orc high priest
 11417 | Orc:2    | Reached skill level 5 in Air Magic
 11459 | Orc:2    | Noticed an orc high priest
 11485 | Orc:2    | Killed an orc high priest
 11507 | Orc:2    | Found Paonaedo's Jewellery Boutique.
 11507 | Orc:2    | Found Mownad's Antique Armour Shoppe.
 11509 | Orc:2    | Found Zuetugah's Antique Armour Boutique.
 11509 | Orc:2    | Found Danio's Weapon Shoppe.
 11592 | Orc:2    | Paralysed by an orc sorcerer for 3 turns
 11997 | Lair:2   | Killed a ten-headed hydra
 12041 | Lair:2   | Reached XP level 13. HP: 106/106 MP: 11/15
 12549 | Lair:3   | Found a staircase to the Shoals.
 12588 | Lair:3   | Reached skill level 5 in Fighting
 13162 | Lair:3   | Found a hole to the Spider Nest.
 13694 | Lair:4   | Learned a level 1 spell: Apportation
 13697 | Lair:4   | Learned a level 2 spell: Lesser Beckoning
 13702 | Lair:4   | Learned a level 4 spell: Manifold Assault
 13744 | Lair:4   | Reached skill level 1 in Invocations
 13900 | Lair:4   | Reached XP level 14. HP: 113/136 MP: 16/16
 14083 | Lair:4   | Reached skill level 5 in Invocations
 14649 | Lair:5   | Entered Level 5 of the Lair of Beasts
 14885 | Lair:5   | Reached skill level 10 in Fighting
 15290 | Lair:5   | Reached XP level 15. HP: 62/149 MP: 17/21
 15351 | Lair:5   | Found a staircase to the Slime Pits.
 15589 | Lair:4   | Reached skill level 10 in Invocations
 16090 | Lair:5   | Found a runed translucent door.
 16499 | Shoals:1 | Entered Level 1 of the Shoals
 16605 | Shoals:1 | Reached skill level 17 in Unarmed Combat
 17677 | Shoals:1 | Reached skill level 18 in Unarmed Combat
 17744 | Shoals:1 | Reached skill level 1 in Armour
 18115 | Shoals:2 | Reached skill level 5 in Armour
 18204 | Shoals:2 | Noticed a kraken
 18395 | Shoals:2 | Reached XP level 16. HP: 116/158 MP: 13/22
 18563 | Shoals:2 | Killed a kraken
 19018 | Shoals:3 | Found Cavonas's Jewellery Shoppe.
 19028 | Shoals:3 | Bought the ring of Midsummer {Will++ Slay+4} for 1089 gold
                  | pieces
 19031 | Shoals:3 | Found Georhod's Mayhem Merchandise.
 19069 | Shoals:3 | HP: 3/158 [sea snake (15)]
 19642 | Shoals:3 | Found Wothrowuz's Weapon Boutique.
 19736 | Shoals:4 | Entered Level 4 of the Shoals
 19915 | Shoals:4 | Paralysed by an air elemental for 1 turns
 20062 | Shoals:4 | Paralysed by an air elemental for 1 turns
 20064 | Shoals:4 | Paralysed by an air elemental for 1 turns
 20069 | Shoals:4 | Paralysed by an air elemental for 1 turns
 20146 | Shoals:4 | Paralysed by an air elemental for 1 turns
 20155 | Shoals:4 | Paralysed by an air elemental for 1 turns
 20155 | Shoals:4 | Slain by a manticore

Illustrated notes

Levels and vault maps discovered:
D:1:      onia_arrival_pentagram, layout_loops_ring,
          hellmonk_ecumenical_altar_lost_god
D:2:      layout_loops_ring, serial_aquarium, aquarium_bridge_square
          [aquarium_subvault_bridge, aquarium_subvault_wall,
          aquarium_subvault_window, aquarium_subvault_balcony],
          aquarium_window_1, aquarium_window_fake, aquarium_window_1,
          aquarium_window_1, aquarium_view_2c, aquarium_view_2c,
          aquarium_balcony_5a, minivault_25
D:3:      layout_basic, minmay_door_square
D:4:      layout_basic, serial_shops, nicolae_stop_n_shop_2, shop,
          kennysheep_mini_moat, nicolae_shop_window_shopping,
          ebering_ghost_sewer_d, glass_columns_a, uniq_crazy_yiuf_cottage,
          uniq_duvessa, uniq_menkaure, uniq_blork_the_orc
D:5:      layout_loops_ring, lemuel_tele_altar, serial_shops, shop,
          gup_sewer_entry_bowl, uniq_eustachio, uniq_edmund
D:6:      layout_loops_cross, grunt_dithmenos_smoke,
          minmay_temple_entry_large_hall, kennysheep_small_square, uniq_pikel
D:7:      layout_cave_pools, uniq_prince_ribbit1
D:8:      layout_gridville, chequers_temple_overflow_minitemple,
          minmay_misc_feat_columns, nicolae_alphabet_shops,
          nicolae_shop_vocational
D:9:      layout_small_grid, vehumet_statue, hellmonk_lair_entry_icy,
          zombieorc2_lemuel, serial_demonic, serial_demonic_d, serial_demonic_a,
          serial_demonic_e, serial_demonic_a, enter_bailey_1, st_stairs_6
D:10:     minmay_slanted_spiral_squares, layout_irregular_city,
          grunt_temple_overflow_cloverleaf, fungi_pond_lemuel,
          nicolae_wooded_promenade
Temple:   minmay_freezing_vapour_temple
Lair:1:   layout_gridlike, gammafunk_ghost_necromancy, grunt_megastairs_3
Lair:2:   layout_roguey, gammafunk_ghost_split, beast_lair_carwin_5
Lair:3:   layout_layer_cave, minmay_shoals_entry_hut, dummy_spider_entry,
          grunt_megastairs_2, infiniplex_staircase_pool
Lair:4:   layout_roguey, minmay_lair_drake_nest, infiniplex_staircase_pool_2,
          grunt_megastairs_4
Lair:5:   wormcave, layout_long_grid, hangedman_lair_in_review,
          minmay_slime_entry_oklob_open
Shoals:1: layout_shoals, argonaut_gorgonesque
Shoals:2: layout_shoals, st_cyclops
Shoals:3: layout_shoals, serial_shops, shop, minmay_shop_enchanted_jewellery,
          minmay_shop_mayhem
Shoals:4: shoals_end_hellmonk_storm_palace [storm_palace_center_ruins,
          storm_palace_corner_narrow, storm_palace_corner_grid,
          storm_palace_corner_blocked, storm_palace_corner_narrow],
          serial_shops, uniq_kirke
Orc:1:    layout_caves, serial_shops, shop, shop, shop, shop, shop
Orc:2:    grunt_orc_tribal_feast, layout_diamond_mine, nicolae_specific_store

Skill      XL: |  1  2  3  4  5  6  7  8  9 10 11 12 13 14 15 16 |
---------------+-------------------------------------------------+-----
Unarmed Combat | 3 4 5 6 7 9 12 14 16 18 | 18.0
Translocations | 3 4 5 6 |  6.0
Air Magic      | 1 3 4 5 6 |  6.0
Shields        | 1 4 8 10 | 10.0
Spellcasting   | 2 |  2.0
Fighting       | 8 10 | 10.0
Invocations    | 3 9 10 | 10.0
Armour         | 6 9 |  9.0
Throwing       | |  0.8
Dodging        | |  1.9

Action                     |  1- 3 |  4- 6 |  7- 9 | 10-12 | 13-15 | 16-18 || total
---------------------------+-------+-------+-------+-------+-------+-------++-------
  Melee: Unarmed           |    89 |   131 |   343 |   664 |  1042 |   186 ||  2455
         Punch             |     3 |     1 |    17 |    17 |       |       ||    38
  Throw: Boomerang         |       |       |     1 |       |       |       ||     1
         Dart              |       |       |       |     1 |       |       ||     1
         Throwing net      |       |       |       |     1 |       |       ||     1
         Large rock        |       |       |       |       |     2 |     2 ||     4
   Cast: Blink             |       |       |       |     4 |     6 |     1 ||    11
         Vhi's Electric Ch |       |       |       |     2 |    14 |    24 ||    40
  Evoke: Wand              |       |       |    10 |    11 |     2 |       ||    23
    Use: Potion            |       |     1 |     2 |     6 |     2 |     2 ||    13
         Scroll            |       |       |     6 |    10 |     4 |     6 ||    26
   Stab: Sleeping          |     1 |       |     1 |     3 |     1 |     2 ||     8
         Distracted        |       |     1 |       |       |       |       ||     1
         Paralysed         |       |       |       |       |     1 |       ||     1
 Armour: Robe              |    25 |    24 |    47 |    80 |       |       ||   176
         Troll leather arm |       |       |       |    11 |   113 |    29 ||   153
  Dodge: Dodged            |    41 |    92 |   239 |   564 |   638 |    73 ||  1647
  Block: Kite shield       |       |       |       |   214 |   724 |   164 ||  1102
         Reflection        |       |       |       |       |    30 |    10 ||    40
